Map: Dusk Towers

Players

Clutch - Winner!

  • Race: Protoss Protoss

LilDicky

  • Race: Terran Terran
  • League: Diamond

VOD

http://www.twitch.tv/tumescentpie

Description

Time

  • Played on: Dec. 12, 2015, 11:01 p.m.
  • Length: 9:18
Show
View Real Time Build Order
Export as new Build Order

Clutch Protoss - Winner!

Build Orders: Mass Adepts 

Get SALT Encoding   

  12  0:01  Probe (Chrono Boost)  
  13  0:11  Probe (Chrono Boost)  
  14  0:17  Pylon  
  14  0:22  Probe (Chrono Boost)  
  14  0:28  Assimilator  
  15  0:35  Probe (Chrono Boost)  
  16  0:43  Gateway  
  16  0:47  Probe (Chrono Boost)  
  17  0:57  Probe (Chrono Boost)  
  18  1:08  Probe (Chrono Boost)  
  19  1:19  Probe (Chrono Boost)  
  20  1:29  Probe (Chrono Boost)  
  20  1:32  Cybernetics Core  
  21  1:33  Pylon  
  21  1:40  Probe (Chrono Boost)  
  22  1:50  Probe (Chrono Boost)  
  23  1:58  Pylon  
  23  2:04  Assimilator  
  23  2:09  Warp Gate (Chrono Boost)  
  23  2:10  Adept (Chrono Boost), Robotics Facility  
  23  2:12  Probe  
  26  2:17  Gateway  
  26  2:25  Probe  
  27  2:34  Adept (Chrono Boost)  
  29  2:42  Probe  
  30  2:54  Probe  
  30  2:56  Pylon  
  30  2:58  Adept (Chrono Boost), Observer  
  34  3:14  Gateway  
  34  3:17  Gateway  
  34  3:18  Warp Prism  
  36  3:35  Adept (Chrono Boost)  
  38  3:55  Observer  
  39  4:14  Adept x4  
  47  4:17  Nexus  
  39  4:35  Adept x2  
  39  4:36  Adept x2  
  39  4:37  Warp Prism  
  31  4:38  Adept  
  31  4:39  Adept x2  
  37  4:51  Adept  
  39  5:02  Adept  
  39  5:12  Adept  
  41  5:25  Adept x2  
  41  5:28  Probe  
  45  5:32  Probe  
  47  5:39  Adept  
  49  5:55  Adept  
  49  5:56  Probe  
  48  6:08  Sentry  
  48  6:09  Sentry x2  
  54  6:11  Probe  
  54  6:15  Mothership Core  
  57  6:22  Pylon  
  57  6:24  Probe  
  56  6:34  Robotics Bay  
  56  6:39  Robotics Facility  
  56  6:40  Probe, Pylon  
  56  6:41  Probe  
  58  6:50  Probe  
  58  6:53  Stalker, Probe  
  62  7:01  Probe  
  62  7:05  Probe  
  64  7:09  Adept  
  64  7:10  Adept  
  66  7:17  Probe, Adept  
  66  7:21  Probe  
  66  7:23  Assimilator  
  66  7:27  Probe, Assimilator  
  66  7:29  Pylon  
  67  7:34  Stalker  
  67  7:35  Stalker  
  68  7:37  Stalker  
  70  7:47  Probe  
  65  7:59  Adept  
  65  8:00  Adept x2  
  65  8:03  Gateway  
  65  8:04  Gateway, Probe  
  72  8:18  Probe  
  72  8:19  Probe  
  74  8:28  Adept x2  
  78  8:35  Pylon  
  78  8:52  Probe, Nexus  
  78  8:53  Probe  
  83  9:02  Probe  
  83  9:05  Probe  
  83  9:06  Forge  
  85  9:16  Gateway  
  86  9:18  Pylon  
Show
View Real Time Build Order
Export as new Build Order

LilDicky Terran 

Build Orders: MMM Bio 

Get SALT Encoding   

  12  0:01  SCV  
  13  0:14  SCV  
  14  0:18  Supply Depot  
  14  0:27  SCV  
  15  0:33  Refinery  
  15  0:39  SCV  
  16  0:45  Barracks  
  17  0:57  SCV  
  17  1:11  SCV  
  18  1:25  SCV  
  19  1:32  Supply Depot, Marine  
  20  1:38  Orbital Command  
  20  1:41  Factory  
  20  1:52  Marine  
  21  1:58  Barracks  
  21  2:01  Barracks  
  21  2:06  SCV  
  22  2:11  Refinery  
  22  2:19  SCV  
  22  2:20  Barracks Reactor  
  23  2:31  SCV  
  24  2:44  SCV  
  25  2:48  Widow Mine  
  27  2:57  Barracks Tech Lab  
  27  2:58  Barracks Tech Lab, Marine x2  
  27  2:59  SCV  
  30  3:15  SCV  
  30  3:19  Marine  
  29  3:22  Marine  
  29  3:24  Combat Shields, Stimpack  
  31  3:29  Supply Depot  
  31  3:30  Marine x2  
  31  3:33  Starport  
  32  3:39  SCV  
  32  3:40  Marine  
  34  3:44  Marine  
  37  3:57  SCV  
  37  3:58  Marine  
  37  4:00  Marauder  
  37  4:01  Marauder  
  41  4:05  Supply Depot  
  41  4:09  SCV, Marine  
  43  4:13  Widow Mine  
  24  4:40  Medivac  
  24  4:42  SCV  
  31  5:00  Marauder x2  
  31  5:10  Marine  
  30  5:14  Marine  
  33  5:21  Marauder  
  33  5:25  Concussive Shells, Marine  
  34  5:28  Marine  
  34  5:32  Marine  
  33  5:59  Medivac, Marine x3  
  38  6:04  Marine  
  38  6:05  SCV  
  40  6:16  Marine  
  40  6:17  Marauder  
  43  6:37  Marine x2  
  43  6:38  Marauder  
  47  6:50  Marine  
  48  6:54  Marine  
  48  6:55  Marine  
  46  7:07  Medivac  
  40  7:20  Marine x2  
  39  7:37  Marine  
  39  7:38  Marine  
  39  7:42  Widow Mine  
  37  7:56  Marauder  
  39  7:59  Marine x2  
  39  8:01  Marine  
  42  8:17  Marine  
  34  8:28  Marine x3  
  34  8:30  SCV  
  38  8:40  Marine  
  39  8:46  Marine  
  40  8:49  SCV  
  41  9:00  Marine x2  
Tags
 
Add a new tag
Caveats
  • Supply blocks, unpowered buildings, or Contaminate may cause inaccurate times.
  • Supply counts are checked every 10 seconds.